[Event "XVII Orsha-2019 Open"]
[Site "Orsha"]
[Date "2019.01.22"]
[Round "7.23"]
[White "Bogacheva, Anna"]
[Black "Prutskov, Aleksei"]
[Result "0-1"]
[ECO "B20"]
[WhiteElo "1955"]
[BlackElo "1824"]
[PlyCount "96"]
[EventDate "2019.01.18"]
[EventType "swiss"]
[EventCountry "BLR"]
[TimeControl "5400+30"]

1. e4 c5 2. g3 Nc6 3. Bg2 g6 4. d3 Bg7 5. c3 d6 6. Be3 e5 7. Qd2 Nge7 8. Bh6 O-O 9. Bxg7 Kxg7 10. h4 h6 11. Na3 Be6 12. Nc2 d5 13. h5 g5 14. f4 f6 15. Bh3 Bg8 16. Ne3 Bh7 17. Qc2 d4 18. Nf5+ Nxf5 19. exf5 exf4 20. gxf4 dxc3 21. bxc3 Qd5 22. Rh2 Rae8+ 23. Ne2 Bxf5 24. Bxf5 Qxf5 25. O-O-O Re3 26. d4 Qxc2+ 27. Kxc2 Rfe8 28. d5 Rxe2+ 29. Rxe2 Rxe2+ 30. Kd3 Rxa2 31. dxc6 bxc6 32. f5 Rh2 33. Ra1 Rxh5 34. Rxa7+ Kf8 35. Rc7 Rh3+ 36. Kc4 Rf3 37. Kxc5 Rxf5+ 38. Kd6 g4 39. Ke6 Rf2 40. Rh7 g3 41. Rxh6 Kg7 42. Rh4 g2 43. Rg4+ Kh6 44. Kd6 f5 45. Rg8 Re2 46. c4 f4 47. c5 f3 48. Kxc6 Re1 0-1

[Event "XVII Orsha-2019 Open"]
[Site "Orsha"]
[Date "2019.01.22"]
[Round "7.24"]
[White "Spizharny, Mikhail"]
[Black "Volchkov, Ivan"]
[Result "1-0"]
[ECO "B31"]
[WhiteElo "1923"]
[BlackElo "1685"]
[PlyCount "107"]
[EventDate "2019.01.18"]
[EventType "swiss"]
[EventCountry "BLR"]
[TimeControl "5400+30"]

1. e4 c5 2. Nf3 Nc6 3. Bb5 g6 4. Bxc6 dxc6 5. h3 Bg7 6. d3 Nf6 7. Nc3 Nd7 8. Be3 e5 9. Qd2 Qe7 10. Bh6 f6 11. Nh2 Nf8 12. Bxg7 Qxg7 13. f4 exf4 14. Qxf4 Ne6 15. Qf2 Nd4 16. Nf3 Nxf3+ 17. Qxf3 Be6 18. O-O O-O 19. Rae1 Rad8 20. Qe3 b6 21. b3 Qd7 22. Ne2 Rde8 23. Qh6 Qg7 24. Qxg7+ Kxg7 25. Nf4 Bc8 26. a4 Re7 27. g4 Rfe8 28. Re3 Re5 29. Ref3 Rg5 30. Kh2 f5 31. exf5 gxf5 32. Nh5+ Kg6 33. Ng3 fxg4 34. Rf7 Rge5 35. h4 R8e6 36. Rc7 Re8 37. Rff7 h5 38. Rxa7 Bf5 39. Rh7 Rf8 40. Rag7+ Kf6 41. Nxh5+ Ke6 42. Nf4+ Kd6 43. Rh6+ Be6 44. Rxg4 Kd7 45. Nxe6 Rxe6 46. Rxe6 Kxe6 47. Kg2 Kf5 48. Kf3 Re8 49. Rf4+ Kg6 50. Re4 Rf8+ 51. Ke3 Rf6 52. Re5 Kh7 53. Re7+ Kg6 54. Rb7 1-0

[Event "XVII Orsha-2019 Open"]
[Site "Orsha"]
[Date "2019.01.22"]
[Round "7.25"]
[White "Bialiauski, Artsiom"]
[Black "Karas, Andrei"]
[Result "0-1"]
[ECO "A48"]
[WhiteElo "1914"]
[BlackElo "1422"]
[PlyCount "86"]
[EventDate "2019.01.18"]
[EventType "swiss"]
[EventCountry "BLR"]
[TimeControl "5400+30"]

1. d4 Nf6 2. Nf3 g6 3. Bf4 Bg7 4. e3 d6 5. h3 O-O 6. Be2 c5 7. c3 b6 8. Nbd2 Bb7 9. O-O Nbd7 10. Qc2 Re8 11. Rad1 Qc7 12. Qb1 Rad8 13. Bh2 Qc8 14. Rfe1 Qa8 15. Bd3 d5 16. Ne5 Nxe5 17. Bxe5 Nd7 18. Bxg7 Kxg7 19. f4 Nf6 20. g4 Ne4 21. Bxe4 dxe4 22. Kh2 f6 23. h4 cxd4 24. cxd4 Qc8 25. Rg1 Qc7 26. g5 Rc8 27. Rc1 Qd7 28. Kg3 Rxc1 29. Rxc1 Bc8 30. Rh1 Qg4+ 31. Kf2 fxg5 32. hxg5 Ba6 33. Qd1 Qf5 34. Qa4 Bb5 35. Qd1 e5 36. dxe5 Rxe5 37. Rh4 Rd5 38. Qh1 Rxd2+ 39. Kg3 h5 40. gxh6+ Kh7 41. Qc1 Qd7 42. f5 Qd6+ 43. Kh3 Qh2+ 0-1

[Event "XVII Orsha-2019 Open"]
[Site "Orsha"]
[Date "2019.01.22"]
[Round "7.26"]
[White "Grigoryan, Aram"]
[Black "Vifleemskaia, Svetlana"]
[Result "1/2-1/2"]
[ECO "D07"]
[WhiteElo "1786"]
[BlackElo "2030"]
[PlyCount "63"]
[EventDate "2019.01.18"]
[EventType "swiss"]
[EventCountry "BLR"]
[TimeControl "5400+30"]

1. d4 Nc6 2. Nf3 d5 3. c4 Bg4 4. Nc3 e6 5. cxd5 exd5 6. Bf4 Bd6 7. Bg3 Nge7 8. e3 O-O 9. Bd3 Bf5 10. O-O Bxg3 11. hxg3 Bxd3 12. Qxd3 Nc8 13. Rfe1 Nb6 14. b3 f5 15. Ne5 Nxe5 16. dxe5 c6 17. f4 Qe7 18. Ne2 g6 19. Rad1 a5 20. a4 Nd7 21. Qc3 Rfd8 22. Nd4 Nf8 23. Rd2 Ne6 24. Rc2 Nxd4 25. exd4 h5 26. Kf2 Kf7 27. Qd2 Qb4 28. Qxb4 axb4 29. Rc5 Ke6 30. Kg1 Re8 31. Kh2 g5 32. Kh3 1/2-1/2

[Event "XVII Orsha-2019 Open"]
[Site "Orsha"]
[Date "2019.01.22"]
[Round "7.27"]
[White "Dolgopyatov, Andrey"]
[Black "Khobotova, Olesia"]
[Result "0-1"]
[ECO "A48"]
[WhiteElo "1393"]
[BlackElo "1978"]
[PlyCount "56"]
[EventDate "2019.01.18"]
[EventType "swiss"]
[EventCountry "BLR"]
[TimeControl "5400+30"]

1. d4 Nf6 2. Nf3 g6 3. Bg5 Bg7 4. Nbd2 O-O 5. c3 d6 6. e4 Nbd7 7. Be2 h6 8. Bh4 e5 9. d5 g5 10. Bg3 Nh5 11. Qc2 a5 12. Nf1 a4 13. Ne3 Nc5 14. h3 Re8 15. O-O Nf4 16. Rfe1 Qf6 17. Nc4 Qg6 18. Ncd2 f5 19. Bc4 Bd7 20. b3 b5 21. Bf1 axb3 22. axb3 Rxa1 23. Rxa1 fxe4 24. Re1 exf3 25. Qd1 fxg2 26. Bxg2 Nxh3+ 27. Bxh3 Bxh3 28. Nf3 Bg4 0-1

[Event "XVII Orsha-2019 Open"]
[Site "Orsha"]
[Date "2019.01.22"]
[Round "7.28"]
[White "Sychou, Dzmitry"]
[Black "Kuleba, Ivan"]
[Result "1-0"]
[ECO "A36"]
[WhiteElo "1847"]
[BlackElo "1617"]
[PlyCount "79"]
[EventDate "2019.01.18"]
[EventType "swiss"]
[EventCountry "BLR"]
[TimeControl "5400+30"]

1. c4 c5 2. g3 g6 3. Bg2 Bg7 4. Nc3 d6 5. d3 Nc6 6. e4 e5 7. Nge2 Nge7 8. O-O O-O 9. a3 a5 10. Bg5 f6 11. Be3 Kh8 12. Rb1 f5 13. Bg5 h6 14. Bxe7 Qxe7 15. Nd5 Qg5 16. exf5 Bxf5 17. b4 axb4 18. axb4 Ra3 19. bxc5 Rxd3 20. Qa4 dxc5 21. Rxb7 Nd8 22. Rb8 Ne6 23. Rb7 Rd2 24. Nec3 Bd3 25. Ne4 Bxe4 26. Bxe4 Rdxf2 27. Rxf2 Qc1+ 28. Kg2 Rxf2+ 29. Kxf2 Qd2+ 30. Kf1 Qc1+ 31. Ke2 Nd4+ 32. Kd3 Qf1+ 33. Kd2 Qe2+ 34. Kc3 Qe1+ 35. Kb2 Qf2+ 36. Ka1 Qe1+ 37. Bb1 Nc2+ 38. Qxc2 Qa5+ 39. Kb2 e4+ 40. Rxg7 1-0

[Event "XVII Orsha-2019 Open"]
[Site "Orsha"]
[Date "2019.01.22"]
[Round "7.29"]
[White "Viikmaa, Karmen"]
[Black "Sukalina, Alina"]
[Result "1-0"]
[ECO "A07"]
[WhiteElo "1706"]
[BlackElo "1546"]
[PlyCount "115"]
[EventDate "2019.01.18"]
[EventType "swiss"]
[EventCountry "BLR"]
[TimeControl "5400+30"]

1. Nf3 Nf6 2. g3 d5 3. Bg2 Nbd7 4. O-O e5 5. d3 Bd6 6. Nbd2 O-O 7. e4 dxe4 8. dxe4 Nc5 9. Re1 Bg4 10. h3 Bh5 11. Qe2 Re8 12. b4 Na4 13. a3 a5 14. b5 c6 15. bxc6 bxc6 16. Qc4 Nc5 17. Nh4 Rc8 18. Nf5 Ne6 19. Nb3 Bf8 20. Bb2 a4 21. Qxa4 Nc5 22. Nxc5 Bxc5 23. Ne3 Qb6 24. Qb3 Qa7 25. Bc3 Bg6 26. Qc4 Rcd8 27. Bb4 Bxe3 28. Rxe3 Rd4 29. Qc3 Qd7 30. Qe1 Ra8 31. Kh2 h5 32. Re2 Qe6 33. Rd1 Rxd1 34. Qxd1 Qc4 35. Qd3 Qe6 36. Rd2 Rc8 37. Bc5 Qe8 38. Qc4 Nd7 39. a4 Nxc5 40. Qxc5 Ra8 41. Qc4 c5 42. Rd6 Rxa4 43. Qd5 Kh7 44. Rd8 Qe7 45. Rc8 f6 46. Qg8+ Kh6 47. h4 Bh7 48. Qb3 Rb4 49. Qe3+ Kg6 50. Qf3 Rd4 51. Bh3 Rd8 52. Bf5+ Kh6 53. Qe3+ g5 54. hxg5+ fxg5 55. Rc6+ Kg7 56. Re6 Qc7 57. Qxg5+ Kh8 58. Bxh7 1-0

[Event "XVII Orsha-2019 Open"]
[Site "Orsha"]
[Date "2019.01.22"]
[Round "7.30"]
[White "Klachkou, Platon"]
[Black "Katkov, Mikhail"]
[Result "1-0"]
[ECO "D41"]
[WhiteElo "1771"]
[BlackElo "1916"]
[PlyCount "87"]
[EventDate "2019.01.18"]
[EventType "swiss"]
[EventCountry "BLR"]
[TimeControl "5400+30"]

1. d4 Nf6 2. c4 e6 3. Nc3 c5 4. e3 d5 5. Nf3 Nc6 6. cxd5 Nxd5 7. Bb5 Nxc3 8. bxc3 Qa5 9. Bxc6+ bxc6 10. Bd2 Bd6 11. O-O O-O 12. c4 Qc7 13. Qc2 cxd4 14. exd4 c5 15. dxc5 Bxc5 16. Rae1 Bb7 17. Ng5 g6 18. Kh1 Bd6 19. Qc3 Bf4 20. Ne4 Bxe4 21. Rxe4 Bxd2 22. Qxd2 Rac8 23. Rfe1 Qe7 24. Qh6 Qf6 25. Rh4 Qg7 26. Qe3 Rc7 27. c5 Rfc8 28. Rc4 Qf6 29. Rec1 Rc6 30. Kg1 Kg7 31. Qa3 a6 32. Qe3 Qf5 33. Rh4 g5 34. Rhc4 h6 35. h4 f6 36. g4 Qe5 37. Re4 Qd5 38. Rd4 Rxc5 39. Rcd1 Qe5 40. Rd7+ Kf8 41. Qd3 Rd5 42. Qh7 Rxd7 43. Rxd7 Rc1+ 44. Kg2 1-0

[Event "XVII Orsha-2019 Open"]
[Site "Orsha"]
[Date "2019.01.22"]
[Round "7.31"]
[White "Sokolov, Sergey"]
[Black "Gonov, Sergey"]
[Result "1-0"]
[ECO "D02"]
[WhiteElo "1756"]
[BlackElo "1905"]
[PlyCount "67"]
[EventDate "2019.01.18"]
[EventType "swiss"]
[EventCountry "BLR"]
[TimeControl "5400+30"]

1. d4 d5 2. Bf4 Nf6 3. Nf3 e6 4. e3 Be7 5. Be2 O-O 6. O-O b6 7. Nbd2 Bb7 8. c4 Nbd7 9. Rc1 c5 10. cxd5 exd5 11. Re1 a6 12. dxc5 bxc5 13. h3 Qa5 14. Ne5 c4 15. Nxd7 Nxd7 16. a3 Nc5 17. Nf3 Nb3 18. Rb1 Bf6 19. Be5 Bxe5 20. Nxe5 Rfd8 21. Qc2 Rac8 22. Red1 Qc7 23. Nf3 Bc6 24. Qc3 Ba4 25. Nd4 Nc5 26. Nf5 f6 27. Rd4 Rd7 28. Bf3 Qe5 29. Rxd5 Qxc3 30. bxc3 Kf8 31. Nd4 Ke7 32. Rh5 Ne6 33. Nxe6 Kxe6 34. Bg4+ 1-0

[Event "XVII Orsha-2019 Open"]
[Site "Orsha"]
[Date "2019.01.22"]
[Round "7.32"]
[White "Gabdrakipov, Kirill"]
[Black "Davidov, Alexey"]
[Result "1-0"]
[ECO "B01"]
[WhiteElo "1901"]
[BlackElo "1688"]
[PlyCount "113"]
[EventDate "2019.01.18"]
[EventType "swiss"]
[EventCountry "BLR"]
[TimeControl "5400+30"]

1. e4 d5 2. exd5 Qxd5 3. Nc3 Qd6 4. d4 Nf6 5. Nb5 Qd8 6. c4 c6 7. Nc3 Bf5 8. Nf3 e6 9. Bd3 Bxd3 10. Qxd3 Be7 11. O-O O-O 12. b3 Nbd7 13. Bb2 Nb6 14. Rad1 Qc7 15. Ng5 Rfd8 16. Qf3 h6 17. Nge4 Nbd7 18. Nxf6+ Nxf6 19. Ne4 Nxe4 20. Qxe4 Bf6 21. Bc1 Qa5 22. Qg4 Kh7 23. Rd3 Qxa2 24. Rfd1 Qc2 25. Qe4+ Kh8 26. Qe1 e5 27. Be3 e4 28. Rc3 Qb2 29. Bc1 Qa2 30. Qxe4 Re8 31. Qd3 Re2 32. Bd2 Rae8 33. Rc2 Qa6 34. Rcc1 Qb6 35. c5 Qd8 36. Be3 Ra2 37. Qc4 Qd5 38. Qxd5 cxd5 39. b4 a6 40. Rb1 Re7 41. g3 Kg8 42. b5 axb5 43. Rxb5 Kf8 44. Rdb1 Ra7 45. Bf4 Ke8 46. Bd6 Rd7 47. Re1+ Kd8 48. c6 Rxd6 49. cxb7 Rxb7 50. Rxb7 Rd7 51. Rxd7+ Kxd7 52. Rd1 Kc6 53. Kg2 Kb5 54. Kf3 Kc4 55. Ke3 Kb5 56. Rc1 Be7 57. Rc7 1-0

[Event "XVII Orsha-2019 Open"]
[Site "Orsha"]
[Date "2019.01.22"]
[Round "7.33"]
[White "Zeliantsova, Kseniya"]
[Black "Slesareva, Miraslava"]
[Result "1/2-1/2"]
[ECO "B28"]
[WhiteElo "1858"]
[BlackElo "1626"]
[PlyCount "67"]
[EventDate "2019.01.18"]
[EventType "swiss"]
[EventCountry "BLR"]
[TimeControl "5400+30"]

1. e4 c5 2. Nf3 a6 3. c4 Nc6 4. Nc3 e5 5. Be2 g6 6. O-O Bg7 7. d3 Nge7 8. Ne1 d6 9. f4 Nd4 10. Nf3 O-O 11. Be3 Nec6 12. Qd2 Be6 13. Bd1 Rb8 14. Nd5 f5 15. fxe5 dxe5 16. b4 cxb4 17. Nxb4 fxe4 18. Nxc6 Nxc6 19. Ng5 Rxf1+ 20. Kxf1 exd3 21. Rc1 Bf7 22. Nxf7 Kxf7 23. Bf3 Kg8 24. Rb1 Qd7 25. Rb3 Rf8 26. Kg1 Nd4 27. Qxd3 Nxf3+ 28. gxf3 Qxd3 29. Rxd3 Rxf3 30. Rd8+ Rf8 31. Rd7 Rf7 32. Rd8+ Rf8 33. Rd7 Rf7 34. Rd8+ 1/2-1/2

[Event "XVII Orsha-2019 Open"]
[Site "Orsha"]
[Date "2019.01.22"]
[Round "7.34"]
[White "Loshakov, Dmitry"]
[Black "Dolgopyatov, Evgeniy"]
[Result "1-0"]
[ECO "D02"]
[WhiteElo "1852"]
[BlackElo "1661"]
[PlyCount "67"]
[EventDate "2019.01.18"]
[EventType "swiss"]
[EventCountry "BLR"]
[TimeControl "5400+30"]

1. Nf3 d5 2. g3 g6 3. Bg2 Bg7 4. d4 Nf6 5. Bf4 c5 6. c3 cxd4 7. cxd4 Qb6 8. b3 Nc6 9. O-O O-O 10. Nc3 Bf5 11. Rc1 e6 12. h3 Rac8 13. g4 Be4 14. e3 h6 15. Nxe4 Nxe4 16. Nd2 Nxd2 17. Qxd2 Rfd8 18. Rc3 e5 19. dxe5 g5 20. Bg3 d4 21. exd4 Rxd4 22. Qe3 Re8 23. Bxc6 bxc6 24. Rxc6 Qxc6 25. Qxd4 a6 26. Qd6 Re6 27. Qxc6 Rxc6 28. Rd1 Rc5 29. Rd6 a5 30. e6 fxe6 31. Rxe6 Rc2 32. a4 Kf7 33. Rb6 Rc3 34. Rb7+ 1-0

[Event "XVII Orsha-2019 Open"]
[Site "Orsha"]
[Date "2019.01.22"]
[Round "7.35"]
[White "Poghosyan, Sarmen"]
[Black "Ivanov, Igor"]
[Result "1/2-1/2"]
[ECO "B11"]
[WhiteElo "1361"]
[BlackElo "2131"]
[PlyCount "116"]
[EventDate "2019.01.18"]
[EventType "swiss"]
[EventCountry "BLR"]
[TimeControl "5400+30"]

1. e4 c6 2. Nc3 d5 3. Nf3 Bg4 4. h3 Bxf3 5. Qxf3 e6 6. d3 g6 7. g3 Bg7 8. Bd2 Nf6 9. Bg2 Nbd7 10. O-O O-O 11. Qe2 Qb6 12. Rab1 dxe4 13. Nxe4 Nxe4 14. dxe4 Rfe8 15. Be3 Qa5 16. a3 e5 17. Rbd1 Nf8 18. Rd2 Bf6 19. Rfd1 Red8 20. c3 Rxd2 21. Rxd2 a6 22. Qd1 Rd8 23. Rxd8 Qxd8 24. Qxd8 Bxd8 25. Kf1 Ne6 26. Ke2 Kf8 27. h4 h5 28. Kd3 Bc7 29. Bh3 Ke7 30. b4 a5 31. Bxe6 $11 Kxe6 32. c4 axb4 33. axb4 b5 34. c5 Bd8 35. f3 Be7 36. Bf2 f5 37. Be1 Kf6 38. Ke2 Bf8 39. Bd2 Ke6 40. Kd3 Be7 41. Be1 g5 42. hxg5 Bxg5 43. Ke2 Bc1 44. Bc3 Bg5 45. Be1 $11 Kf6 46. Bc3 Ke6 47. Be1 Bh6 48. Bc3 Bc1 49. Be1 Bb2 50. Kf2 Kf6 51. Bd2 Bd4+ 52. Kg2 Kg6 53. Kh2 Bb2 54. Kg2 Bd4 55. Kh3 Bf2 56. Kg2 Bd4 57. Kh3 Bf2 58. Kg2 Bd4 1/2-1/2

[Event "XVII Orsha-2019 Open"]
[Site "Orsha"]
[Date "2019.01.22"]
[Round "7.36"]
[White "Gusenkova, Karina"]
[Black "Poliakova, Varvara"]
[Result "1/2-1/2"]
[ECO "A89"]
[WhiteElo "1642"]
[BlackElo "1835"]
[PlyCount "112"]
[EventDate "2019.01.18"]
[EventType "swiss"]
[EventCountry "BLR"]
[TimeControl "5400+30"]

1. c4 f5 2. d4 Nf6 3. g3 g6 4. Bg2 Bg7 5. Nf3 d6 6. Nc3 O-O 7. O-O Nc6 8. d5 Ne5 9. Qb3 Nf7 10. Ng5 Nxg5 11. Bxg5 h6 12. Bd2 Rb8 13. e4 e5 14. dxe6 Bxe6 15. exf5 Bxf5 16. c5+ Kh7 17. cxd6 cxd6 18. Rad1 Ng4 19. Bf4 Ne5 20. Ne4 Bxe4 21. Bxe4 Qe7 22. Rfe1 Qf6 23. Re2 Rf7 24. Rxd6 Qxd6 25. Bxe5 Qxe5 26. Qxf7 Qd6 27. Bc2 Rf8 28. Qe6 Qxe6 29. Rxe6 Bf6 30. Rd6 Kg7 31. Be4 Rf7 32. Kg2 b6 33. b3 Re7 34. Bd3 Kf7 35. Bc4+ Kg7 36. a4 Be5 37. Rd8 Bc3 38. h4 Bb4 39. Rd5 Bc5 40. h5 gxh5 41. Rxh5 Rd7 42. Rd5 Rxd5 43. Bxd5 Kf6 44. f4 a5 45. Kf3 Bb4 46. Kg4 Be1 47. Bc4 Bc3 48. Kh5 Be1 49. Kg4 Bc3 50. Kf3 Be1 51. g4 Bd2 52. Ke4 Bb4 53. Kd5 Bc5 54. Bd3 Be3 55. f5 Bc5 56. Be2 Be3 1/2-1/2

[Event "XVII Orsha-2019 Open"]
[Site "Orsha"]
[Date "2019.01.22"]
[Round "7.37"]
[White "Vlasov, Andrey"]
[Black "Simonian, Anna"]
[Result "0-1"]
[ECO "C02"]
[WhiteElo "2316"]
[BlackElo "1289"]
[PlyCount "58"]
[EventDate "2019.01.18"]
[EventType "swiss"]
[EventCountry "BLR"]
[TimeControl "5400+30"]

1. e4 e6 2. d4 d5 3. e5 c5 4. c3 Nc6 5. Nf3 Qb6 6. b3 Bd7 7. Na3 cxd4 8. cxd4 Qa5+ 9. Bd2 Qxa3 10. Bd3 Bb4 11. O-O Bxd2 12. Qxd2 Nh6 13. Ng5 Nf5 14. Qf4 Qe7 15. Bxf5 exf5 16. e6 Bxe6 17. Rfe1 O-O 18. Re3 h6 19. h4 Rac8 20. Rae1 Qc7 21. Qf3 Nxd4 22. Qh5 Qd7 23. Nxe6 fxe6 24. Rg3 Rf6 25. Qd1 Nc6 26. Qa1 Rcf8 27. f4 Qd6 28. h5 Qxf4 29. Rxe6 Qxg3 0-1

[Event "XVII Orsha-2019 Open"]
[Site "Orsha"]
[Date "2019.01.22"]
[Round "7.38"]
[White "Kulikov, Egor"]
[Black "Shaban, Aliaksandra"]
[Result "0-1"]
[ECO "B12"]
[WhiteElo "1557"]
[BlackElo "1482"]
[PlyCount "100"]
[EventDate "2019.01.18"]
[EventType "swiss"]
[EventCountry "BLR"]
[TimeControl "5400+30"]

1. e4 c6 2. d4 d5 3. e5 Bf5 4. Nf3 e6 5. Bd3 Bxd3 6. Qxd3 c5 7. dxc5 Qa5+ 8. Qc3 Qxc5 9. Be3 Qxc3+ 10. Nxc3 Nc6 11. Nb5 Rc8 12. c3 a6 13. Na7 Nxa7 14. Bxa7 Ne7 15. O-O Nc6 16. Be3 h6 17. Rfe1 g5 18. Nd2 Bg7 19. f4 gxf4 20. Bxf4 b5 21. Rac1 Nb8 22. Nf3 Nd7 23. Nd4 Nc5 24. Re3 Ne4 25. Nb3 Rc4 26. Rf3 Ng5 27. Bxg5 hxg5 28. Re3 Rch4 29. h3 g4 30. hxg4 Bh6 31. Rce1 Bxe3+ 32. Rxe3 Rxg4 33. Nc5 Rhg8 34. Re2 a5 35. Nb7 Kf8 36. Nxa5 Ra4 37. b4 Rg3 38. Rc2 Re3 39. Nc6 Ra3 40. Nd4 Raxc3 41. Rf2 Rxe5 42. Nxb5 Rc1+ 43. Kh2 Rb1 44. Nd6 Rh5+ 45. Kg3 f5 46. a3 Ke7 47. Nb5 e5 48. Rc2 Rf1 49. Nc7 Kf6 50. Rc3 Kg5 0-1

[Event "XVII Orsha-2019 Open"]
[Site "Orsha"]
[Date "2019.01.22"]
[Round "7.39"]
[White "Masterova, Daria"]
[Black "Platnitski, Siarhei"]
[Result "1-0"]
[ECO "B31"]
[WhiteElo "1500"]
[BlackElo "1383"]
[PlyCount "53"]
[EventDate "2019.01.18"]
[EventType "swiss"]
[EventCountry "BLR"]
[TimeControl "5400+30"]

1. e4 c5 2. Nf3 Nc6 3. Nc3 g6 4. Bb5 Bg7 5. O-O Nf6 6. d3 O-O 7. Be3 d6 8. h3 Qb6 9. Rb1 a6 10. Bxc6 Qxc6 11. Bg5 e6 12. Qd2 b5 13. Ne2 Bb7 14. b3 Rfc8 15. c4 b4 16. Ng3 a5 17. Bh6 a4 18. Rfe1 axb3 19. axb3 Ra6 20. Bxg7 Kxg7 21. d4 Rca8 22. d5 exd5 23. exd5 Qc7 24. Nf5+ Kh8 25. Qh6 Rg8 26. Re7 Qd8 27. Ng5 1-0

[Event "XVII Orsha-2019 Open"]
[Site "Orsha"]
[Date "2019.01.23"]
[Round "8"]
[White "Grishchenko, Sergey"]
[Black "Lazavik, Denis"]
[Result "1/2-1/2"]
[ECO "D10"]
[WhiteElo "2409"]
[BlackElo "2296"]
[Annotator "ChessBase"]
[PlyCount "46"]
[EventDate "2019.01.18"]
[EventType "swiss"]
[EventCountry "BLR"]
[SourceTitle "playchess.com"]
[Source "ChessBase"]
[SourceQuality "1"]
[TimeControl "5400+30"]

1. d4 d5 2. c4 c6 3. Nc3 Nf6 4. cxd5 cxd5 5. Bf4 Nc6 6. e3 Bf5 7. Qb3 Na5 8. Qa4+ Bd7 9. Qc2 e6 10. Nf3 Be7 11. Bd3 Nc6 12. a3 Nh5 13. Be5 f6 14. Bg3 f5 15. Be5 O-O 16. h3 Nf6 17. g4 Ne4 18. gxf5 Rxf5 19. Bxe4 dxe4 20. Qxe4 Qb6 21. Rb1 Raf8 22. Rg1 R8f7 23. Bf4 Bf6 1/2-1/2

[Event "XVII Orsha-2019 Open"]
[Site "Orsha"]
[Date "2019.01.23"]
[Round "8"]
[White "Mihajlovskij, Sergei"]
[Black "Shkalov, Oleg"]
[Result "1/2-1/2"]
[ECO "A05"]
[WhiteElo "2406"]
[BlackElo "2225"]
[Annotator "ChessBase"]
[PlyCount "79"]
[EventDate "2019.01.18"]
[EventType "swiss"]
[EventCountry "BLR"]
[SourceTitle "playchess.com"]
[Source "ChessBase"]
[SourceQuality "1"]
[TimeControl "5400+30"]

1. Nf3 Nf6 2. c4 b6 3. Nc3 Bb7 4. d4 e6 5. a3 d5 6. Bg5 Be7 7. e3 Nbd7 8. cxd5 Nxd5 9. Nxd5 Bxd5 10. Bxe7 Qxe7 11. Rc1 c5 12. dxc5 Nxc5 13. Bb5+ Kf8 14. b4 Ne4 15. Bc6 Bxc6 16. Rxc6 Rd8 17. Qc2 Nd6 18. O-O f6 19. e4 e5 20. Rd1 g6 21. Rc7 Rd7 22. Rxd7 Qxd7 23. Qd2 Ke7 24. h4 h5 25. Nxe5 fxe5 26. Qg5+ Kf7 27. Qxe5 Rd8 28. Qf4+ Kg7 29. e5 Qf7 30. Qg5 Ne4 31. Qxd8 Qxf2+ 32. Kh1 Ng3+ 33. Kh2 Nf1+ 34. Rxf1 Qxf1 35. Qc7+ Kh6 36. e6 Qf6 37. Qc1+ Kg7 38. Qe1 Kf8 39. Qg3 Ke7 40. Qc7+ 1/2-1/2

[Event "XVII Orsha-2019 Open"]
[Site "Orsha"]
[Date "2019.01.23"]
[Round "8"]
[White "Tihonov, Jurij"]
[Black "Zabotin, Alexander"]
[Result "0-1"]
[ECO "A27"]
[WhiteElo "2399"]
[BlackElo "2484"]
[Annotator "ChessBase"]
[PlyCount "92"]
[EventDate "2019.01.18"]
[EventType "swiss"]
[EventCountry "BLR"]
[SourceTitle "playchess.com"]
[Source "ChessBase"]
[SourceQuality "1"]
[TimeControl "5400+30"]

1. c4 e5 2. Nc3 Nc6 3. Nf3 f5 4. d3 Nf6 5. g3 Bc5 6. Bg2 d6 7. O-O O-O 8. e3 Bb6 9. Na4 Qe8 10. b3 Bd7 11. Nxb6 axb6 12. Ne1 e4 13. Bb2 Ne5 14. Qe2 Qe7 15. a4 Bc6 16. d4 Ng6 17. Nc2 Rf7 18. Bc3 Bd7 19. a5 bxa5 20. Bxa5 Rc8 21. Bc3 h5 22. Ra7 Rb8 23. Ba5 Qd8 24. Ra1 h4 25. Bc3 Rf8 26. Be1 Qe7 27. Ba5 b6 28. Bc3 Rbc8 29. d5 Ne5 30. Nd4 g5 31. Rb7 g4 32. Raa7 Nf3+ 33. Nxf3 exf3 34. Bxf3 gxf3 35. Qxf3 Ne4 36. Bd4 Be8 37. Qf4 Bh5 38. Qh6 Qh7 39. Qxh7+ Kxh7 40. Bxb6 Rf7 41. Rxc7 Rfxc7 42. Rxc7+ Rxc7 43. Bxc7 h3 44. b4 Nd2 45. Bxd6 Nf3+ 46. Kh1 f4 0-1

[Event "XVII Orsha-2019 Open"]
[Site "Orsha"]
[Date "2019.01.23"]
[Round "8"]
[White "Vorobjov, Pavel"]
[Black "Zarubitski, Viachaslau"]
[Result "1/2-1/2"]
[ECO "E46"]
[WhiteElo "2296"]
[BlackElo "2415"]
[Annotator "ChessBase"]
[PlyCount "52"]
[EventDate "2019.01.18"]
[EventType "swiss"]
[EventCountry "BLR"]
[SourceTitle "playchess.com"]
[Source "ChessBase"]
[SourceQuality "1"]
[TimeControl "5400+30"]

1. d4 Nf6 2. c4 e6 3. Nc3 Bb4 4. e3 O-O 5. Nge2 Re8 6. a3 Bf8 7. e4 d5 8. e5 Nfd7 9. c5 f6 10. f4 a5 11. Be3 Nc6 12. Qa4 Ne7 13. Bf2 b6 14. b4 bxc5 15. bxc5 Ba6 16. Ng3 Bxf1 17. Nxf1 fxe5 18. fxe5 Nf5 19. Nd2 Qc8 20. O-O c6 21. Qd1 Rb8 22. Qe2 Be7 23. Rab1 Bg5 24. Nf3 Bd8 25. Rxb8 Nxb8 26. Rb1 Bc7 1/2-1/2

[Event "XVII Orsha-2019 Open"]
[Site "Orsha"]
[Date "2019.01.23"]
[Round "8"]
[White "Cherepov, Alexej"]
[Black "Silich, Yahor"]
[Result "1-0"]
[ECO "E91"]
[WhiteElo "2226"]
[BlackElo "2116"]
[Annotator "NA"]
[PlyCount "53"]
[EventDate "2019.01.18"]
[EventType "swiss"]
[EventCountry "BLR"]
[SourceTitle "playchess.com"]
[Source "ChessBase"]
[SourceQuality "1"]
[TimeControl "5400+30"]

1. d4 Nf6 2. c4 d6 3. Nf3 g6 4. Nc3 Bg7 5. e4 O-O 6. Be2 Nbd7 7. O-O e5 8. Qc2 c6 9. Rd1 Qe7 10. d5 c5 11. Bg5 h6 12. Bd2 Ne8 13. g3 f5 $16 {[%emt 0:12:36] LiveBook: 9 Games} ({Black should play} 13... Nc7) 14. Nh4 Qf7 15. exf5 gxf5 16. f4 e4 17. g4 fxg4 18. Bxg4 Ndf6 19. Bxc8 Rxc8 20. Nxe4 Ng4 21. Ng3 Nc7 22. Nhf5 Rce8 23. h3 Nf6 24. Nxd6 Qd7 25. Nxe8 Qxh3 26. Nxf6+ Rxf6 27. Be1 1-0

[Event "XVII Orsha-2019 Open"]
[Site "Orsha"]
[Date "2019.01.23"]
[Round "8"]
[White "Egorenkov, Igor"]
[Black "Strybuk, Artsiom I"]
[Result "1/2-1/2"]
[ECO "A22"]
[WhiteElo "2213"]
[BlackElo "2110"]
[Annotator "NA"]
[PlyCount "52"]
[EventDate "2019.01.18"]
[EventType "swiss"]
[EventCountry "BLR"]
[SourceTitle "playchess.com"]
[Source "ChessBase"]
[SourceQuality "1"]
[TimeControl "5400+30"]

1. c4 e5 2. Nc3 Nf6 3. g3 Bb4 4. Bg2 O-O 5. e4 d6 6. Nge2 Nc6 7. O-O h6 {[%emt 0:07:59] LiveBook: 5 Games A25: English Opening vs King's Indian with ...Nc6 but without early d3} (7... Bc5 8. d3 a6 9. h3 h6 10. Kh2 b5 11. Nd5 bxc4 12. dxc4 Nxd5 13. cxd5 Nd4 14. Be3 Nxe2 15. Qxe2 {0-1 (44) Matlakov,M (2694)-Wojtaszek,R (2749) Doha 2016}) 8. d3 Bxc3 9. Nxc3 Nd4 10. h3 $146 ({Predecessor:} 10. Be3 Ne6 11. f4 exf4 12. gxf4 {0-1 (48) Schaaf,A-Schmitt,H Griesheim 1999}) 10... c6 11. Kh2 b5 12. f4 Bb7 13. Be3 bxc4 14. dxc4 c5 15. f5 Qb6 16. Rf2 Qb4 17. Qd3 a5 18. a4 Ba6 19. Nb5 Bxb5 20. axb5 Qb3 21. Qxb3 Nxb3 22. Ra3 a4 23. g4 g5 24. Kg3 Nd7 $16 25. h4 f6 26. hxg5 fxg5 1/2-1/2